 Dungeon Crawl Stone Soup version 0.23.1 (webtiles) character file.

Game seed: 10947348318547208777

6 Borgoz the Sneak (level 1, 0/15 HPs)
             Began as a Ghoul Enchanter on Mar 3, 2019.
             Slain by a gnoll
             ... wielding a +0 whip
              (10 damage)
             ... on level 1 of the Dungeon.
             The game lasted 00:00:30 (140 turns).

Borgoz the Sneak (Ghoul Enchanter)                   Turns: 140, Time: 00:00:31

Health: 0/15       AC:  2    Str: 11    XL:     1   Next: 90%
Magic:  2/2        EV: 12    Int: 10    God:
Gold:   22         SH:  0    Dex:  9    Spells: 2/3 levels left

rFire    . . .     SeeInvis .   a - +1 dagger
rCold    + . .     Gourm    .   (no shield)
rNeg     + + +     Faith    .   b - +0 robe
rPois    ∞         Spirit   .   (no helmet)
rElec    .         Reflect  .   (no cloak)
rCorr    .         Harm     .   (no gloves)
MR       .....                  (no boots)
Stlth    ++........             (no amulet)
HPRegen  0.00/turn              (no ring)
MPRegen  0.08/turn              (no ring)

@: rotting
A: rotting body, claws 1, carnivore, cold resistance 1, negative energy
resistance 3, inhibited regeneration, torment resistance, unbreathing
a: no special abilities


You were on level 1 of the Dungeon.
You were not hungry.

You visited 1 branch of the dungeon, and saw 1 of its levels.

You collected 22 gold pieces.

Inventory:

Hand Weapons
 a - a +1 dagger (weapon)
Armour
 b - a +0 robe (worn)
Scrolls
 e - a scroll of identify {unknown}
 g - a scroll of enchant armour {unknown}
Potions
 c - 2 potions of heal wounds {unknown}
Comestibles
 d - 3 rations
 f - a chunk of flesh


   Skills:
 * Level 0.5 Fighting
 * Level 1.1 Short Blades
 + Level 0.0 Throwing
 * Level 0.2 Armour
 * Level 1.8 Dodging
 + Level 3.3 Stealth
 + Level 1.8 Spellcasting
 + Level 2.4 Hexes


You had 2 spell levels left.
You knew the following spells:

 Your Spells              Type           Power        Failure   Level  Hunger
a - Corona                Hex            #......      12%         1    ##.....

Your spell library contained the following spells:

 Spells                   Type           Power        Failure   Level  Hunger
 Ensorcelled Hibernation  Hex/Ice        #.....       28%         2    ###....
 Confuse                  Hex            #.......     34%         3    ####...
 Tukima's Dance           Hex            #.......     34%         3    ####...
 Dazzling Spray           Conj/Hex       #.....       50%         3    ####...


Dungeon Overview and Level Annotations

Branches:
Dungeon (1/15)

Altars:


Innate Abilities, Weirdness & Mutations

Your body is rotting away.
You thrive on raw meat.
You are immune to poison.
You have sharp fingernails.
You are carnivorous and can eat meat at any time.
Your flesh is cold resistant. (rC+)
You are immune to negative energy. (rN+++)
You do not regenerate when monsters are visible.
You are immune to unholy pain and torment.
You can survive without breathing.


Message History

The hobgoblin barely misses you.
You hit the hobgoblin but do no damage.
The hobgoblin is severely wounded.
The hobgoblin misses you.
You closely miss the hobgoblin.
The hobgoblin is severely wounded.
The hobgoblin hits you but does no damage.
The kobold shouts!
You hit the hobgoblin.
You kill the hobgoblin!
Found a scroll labeled WOZXESM ATSAG.
You see here a fizzy clear potion.
c - 2 fizzy clear potions (gained 1)
The gnoll hits you with a +0 whip. The gnoll misses you.
You see here a scroll labeled WOZXESM ATSAG.
g - a scroll labeled WOZXESM ATSAG The gnoll hits you with a +0 whip!
Ouch! That really hurt!
You die...

..............)....#
#######.##.####.#..#
#.##..# #.# .#
#.###.###.# # #.#
#..##.# #.# ##.##.#
#.# #.K#.# #.#
##g#.# #.# #.@.#
###.######........
#........#.####... #
#........... # ..
#........##.#
...#........# .#
.........#### ..
..........# #.
...........#


You could see a gnoll and a kobold.

Vanquished Creatures
  2 goblins (D:1)
  A hobgoblin (D:1)
  A kobold (D:1)
  A rat (D:1)
5 creatures vanquished.

Notes
Turn   | Place    | Note
-------+----------+-------------------------------------------
     0 | D:1      | Borgoz the Ghoul Enchanter began the quest for the Orb.
     0 | D:1      | Reached XP level 1. HP: 14/14 MP: 2/2
    14 | D:1      | Reached skill level 1 in Short Blades
   140 | D:1      | Slain by a gnoll

Skill      XL: |  1 |
---------------+----+-----
Short Blades   | 1 |  1.1
Fighting       | |  0.5
Armour         | |  0.2
Dodging        | |  1.8
Stealth        | |  3.3
Spellcasting   | |  1.8
Hexes          | |  2.4

Action                   || total
-------------------------++-------
Melee: Dagger            ||    14
 Stab: Sleeping          ||     2
  Eat: Chunk             ||     3
Armor: Robe              ||     2
Dodge: Dodged            ||    10
